 Dungeon Crawl Stone Soup version 0.19-a0-1834-g6b7851e (webtiles) character file.

801 kae the Shield-Bearer (level 8, -9/64 HPs)
             Began as a Formicid Fighter on Oct 8, 2016.
             Mangled by Pikel
             ... wielding a +0 whip of electrocution
              (10 damage)
             ... on level 4 of the Dungeon.
             The game lasted 00:06:00 (4234 turns).

kae the Shield-Bearer (Formicid Fighter)            Turns: 4234, Time: 00:06:01

Health: -9/64      AC:  6    Str: 23    XL:     8   Next: 14%
Magic:  8/8        EV:  9    Int:  8    God:
Gold:   109        SH: 10    Dex: 10    Spells: 0 memorised, 7 levels left

rFire  . . .     SeeInvis +     a - +0 long sword
rCold  . . .     Gourm    .     g - +1 ring mail "Duwkinif" {MR+} (curse)
rNeg   + . .     Faith    .     c - +0 shield
rPois  .         Spirit   .     (helmet unavailable)
rElec  .         Dismiss  .     (no cloak)
rCorr  .         Reflect  .     (no gloves)
MR     +....     Harm     .     (no boots)
Stlth  .......... Clarity  +    (no amulet)
                                (no ring)
                                w - ring of positive energy

@: no status effects
A: permanent stasis, dig shafts and tunnels, four strong arms, antennae 3,
clarity
a: Dig, Shaft Self


You were on level 4 of the Dungeon.
You were not hungry.

You visited 1 branch of the dungeon, and saw 5 of its levels.

You collected 109 gold pieces.

Inventory:

Hand Weapons
 a - a +0 long sword (weapon)
Armour
 c - a +0 shield (worn)
 g - the cursed +1 ring mail "Duwkinif" (worn) {MR+}
   (You found it on level 4 of the Dungeon)

   It affects your resistance to hostile enchantments.
   It has a curse placed upon it.
Jewellery
 b - an uncursed amulet of guardian spirit {unknown}
 w - a ring of positive energy (left hand)
Wands
 j - a wand of polymorph (16/24)
 k - a wand of paralysis (14/24)
 v - a wand of enslavement (15/24)
Scrolls
 e - a scroll of fear {unknown}
 h - 3 scrolls of identify
 n - 2 scrolls of amnesia
Potions
 o - a potion of cure mutation
 r - 3 potions of brilliance
Comestibles
 f - 4 bread rations
 i - a meat ration
 s - 2 beef jerkies


   Skills:
 + Level 5.8 Fighting
 * Level 6.2 Long Blades
 - Level 3.2 Armour
 + Level 6.2 Shields


You had 7 spell levels left.
You didn't know any spells.

Dungeon Overview and Level Annotations

Branches:
Dungeon (5/15)
 Temple: D:4-7

Altars:
Xom

Annotations:
D:4 Pikel


Innate Abilities, Weirdness & Mutations

You are under a permanent stasis effect.
You can dig through walls and to a lower floor.
Your four strong arms can wield two-handed weapons with a shield.
You have a pair of large antennae on your head. (SInv)
You possess an exceptional clarity of mind.


Message History

Unknown command.
Unknown command.
Okay, then.
Unknown command.
Okay, then.
Okay, then.
You closely miss Pikel.
Pikel is severely wounded.
Pikel hits you but does no damage.
Unknown command.
You hit Pikel.
Pikel is almost dead.
Pikel completely misses you.
You riposte.
You hit Pikel.
Pikel is almost dead.
You barely miss Pikel.
Pikel is almost dead.
Pikel hits you with a whip of electrocution.
* * * LOW HITPOINT WARNING * * *
You are electrocuted!
You die...

#........#
#........####
#.....l.....#
#.....p.....#
#...........#
#......{.{..#
#...........#
#######....{###
#.....>..{{#@#
#......####K##
#......######
#......#.#
####'##)##
#.#### #.# #(#
#.#


You could see Pikel.

Vanquished Creatures
  Eustachio (D:4)
  The ghost of BenSoosneb the Insei, an amateur DsGl (D:3)
  Menkaure (D:4)
  A bullfrog (D:3)
  An orc wizard (D:4)
  A bullfrog skeleton (D:4)
  Ijyb (D:2)
  A worker ant (D:4)
  6 gnolls
  7 adders
  3 oozes (D:3)
  2 worms
  4 leopard geckos
  9 orcs
  A ball python (D:1)
  6 bats
  2 giant cockroaches (D:2)
  6 goblins
  5 hobgoblins
  17 jackals
  A quokka (D:3)
  6 frilled lizards
  9 kobolds
  5 rats
97 creatures vanquished.

Notes
Turn   | Place    | Note
-------+----------+-------------------------------------------
     0 | D:1      | kae the Formicid Fighter began the quest for the Orb.
     0 | D:1      | Reached XP level 1. HP: 18/18 MP: 1/1
   190 | D:1      | Reached XP level 2. HP: 23/24 MP: 2/2
   384 | D:2      | Noticed Ijyb
   384 | D:2      | Reached XP level 3. HP: 28/30 MP: 3/3
   402 | D:2      | Killed Ijyb
   402 | D:2      | Reached XP level 4. HP: 36/37 MP: 4/4
   918 | D:2      | Found a faded altar of an unknown god.
  1009 | D:2      | Reached XP level 5. HP: 39/43 MP: 5/5
  1477 | D:3      | Reached XP level 6. HP: 49/49 MP: 6/6
  1528 | D:3      | Reached skill level 5 in Shields
  1688 | D:3      | Gained mutation: You are somewhat resistant to further mutation. [potion of mutation]
  1690 | D:3      | Lost mutation: You are somewhat resistant to further mutation. [potion of cure mutation]
  1876 | D:3      | Noticed BenSoosneb's ghost (amateur DsGl)
  2120 | D:3      | Killed BenSoosneb's ghost
  2120 | D:3      | Reached skill level 5 in Fighting
  2120 | D:3      | Reached XP level 7. HP: 8/56 MP: 7/7
  2467 | D:3      | Reached skill level 5 in Long Blades
  2826 | D:4      | Found a shimmering altar of Xom.
  2829 | D:4      | Found a shimmering altar of Xom.
  2831 | D:4      | Found a shimmering altar of Xom.
  2831 | D:4      | Found a shimmering altar of Xom.
  3031 | D:4      | Found a shimmering altar of Xom.
  3098 | D:4      | Noticed Menkaure
  3117 | D:4      | Killed Menkaure
  3241 | D:4      | Found a shimmering altar of Xom.
  3261 | D:4      | Got a topaz-encrusted ring mail
  3272 | D:4      | Identified the cursed +1 ring mail "Duwkinif" {MR+} (You found it on level 4 of the Dungeon)
  3320 | D:4      | Found a shimmering altar of Xom.
  3428 | D:4      | Noticed Pikel
  3438 | D:4      | Gained mutation: You possess an exceptional clarity of mind. [potion of beneficial mutation]
  3451 | D:4      | You fall through a shaft!
  3451 | D:5      | Entered Level 5 of the Dungeon
  4100 | D:4      | Noticed Eustachio
  4125 | D:4      | Killed Eustachio
  4125 | D:4      | Reached XP level 8. HP: 49/64 MP: 8/8
  4234 | D:4      | HP: 1/64 [Pikel/whip of electrocution (4)]
  4234 | D:4      | Mangled by Pikel

Vault maps used:
D:1:      dpeg_arrival_three_same_balls
D:2:      ecumenical_altar_2, glass_columns_b, uniq_iyjb
D:3:      minmay_wonky_spiral, first_bread,
          hangedman_abyss_or_decor_lesser_grid, corexii_leaking_fountain
D:4:      xom_redecorated, uniq_eustachio, uniq_pikel, uniq_menkaure
D:5:      serial_glass, glass_columns_b, glass_columns_b

Skill      XL: |  1  2  3  4  5  6  7 |
---------------+----------------------+-----
Fighting       | 4 5 |  5.8
Long Blades    | 3 4 6 |  6.2
Shields        | 4 5 6 |  6.2
Armour         | |  3.2

Action                   |  1- 3 |  4- 6 |  7- 9 || total
-------------------------+-------+-------+-------++-------
Melee: Long sword        |    45 |   248 |   127 ||   420
 Abil: Dig               |       |     1 |     8 ||     9
       Shaft Self        |       |       |     1 ||     1
  Use: Potion            |     1 |     5 |     3 ||     9
       Scroll            |       |       |     7 ||     7
  Eat: Chunk             |       |     4 |     3 ||     7
       Bread ration      |       |       |     1 ||     1
       Pizza             |       |       |     1 ||     1
Armor: Scale mail        |    21 |   113 |    13 ||   147
       Ring mail         |       |       |    14 ||    14
Dodge: Dodged            |    18 |    95 |    42 ||   155
Block: Shield            |    33 |   174 |    62 ||   269
       Rpst.: Long sword |     5 |    35 |    14 ||    54
